 Dungeon Crawl Stone Soup version 0.32-a0-886-g41c5271027 (webtiles) character file.

Game seed: 16616484885991446369

3312 smashvw the Basher (level 9, -1/74 HPs)
             Began as a Mountain Dwarf Fighter on Apr 2, 2024.
             Was a Priest of Beogh.
             Succumbed to Wulfoc's poison
             ... on level 7 of the Dungeon.
             The game lasted 00:15:53 (7794 turns).

smashvw the Basher (Mountain Dwarf Fighter)         Turns: 7794, Time: 00:15:53

Health: -1/74      AC: 12    Str: 23    XL:     9   Next: 70%
Magic:  9/9        EV:  5    Int:  9    God:    Beogh [***...]
Gold:   274        SH:  4    Dex:  9    Spells: 8/8 levels left

rFire   . . .        a - +0 flail
rCold   . . .        c - +0 buckler
rNeg    . . .        G - +0 plate armour
rPois   .            (no helmet)
rElec   .            (no cloak)
rCorr   .            (no gloves)
SInv    .            (no boots)
Will    .....        y - amulet of the acrobat Stlth
                     (no ring)
HPRegen 0.32/turn    (no ring)
MPRegen 0.11/turn

%: acrobat
@: mighty, brilliant, lethally poisoned (-1 -> -28), attractive
A: runic magic, artefact enchanting
a: Renounce Religion, Smiting


You were on level 7 of the Dungeon.
You worshipped Beogh.
Beogh was most pleased with you.
You visited 1 branch of the dungeon, and saw 7 of its levels.
You also visited: Ossuary.

You collected 274 gold pieces.

Inventory:

Hand Weapons
 a - a +0 flail (weapon)
Armour
 b - a +0 scale mail
 c - a +0 buckler (worn)
 o - a +1 chain mail of cold resistance
 G - a +0 plate armour (worn)
Jewellery
 y - an amulet of the acrobat (around neck)
Wands
 k - a wand of digging (7)
 w - a wand of charming (10)
 x - a wand of polymorph (13)
Scrolls
 e - 2 scrolls of noise {unknown}
 i - 2 scrolls of enchant weapon {unknown}
 j - 2 scrolls of blinking {unknown}
 m - a scroll of revelation {unknown}
 q - 3 scrolls of teleportation {unknown}
 u - 2 scrolls of poison {unknown}
 v - a scroll of vulnerability {unknown}
 z - a scroll of identify {unknown}
 A - 3 scrolls of amnesia {unknown}
 C - 2 scrolls of fog {unknown}
 D - a scroll of immolation {unknown}
 E - a scroll of fear {unknown}
Potions
 d - a potion of might
 f - 3 potions of berserk rage {unknown}
 g - 3 potions of haste
 l - a potion of magic {unknown}
 n - a potion of invisibility {unknown}
 p - a potion of brilliance
 s - a potion of mutation {unknown}
 t - a potion of curing {unknown}
 B - a potion of lignification {unknown}
 F - a potion of enlightenment {unknown}


   Skills:
 - Level 5.0 Fighting
 - Level 14.0 Maces & Flails
 + Level 5.9 Armour
 - Level 6.0 Shields


You had 8 spell levels left.
You didn't know any spells.
Your spell library contained the following spells:

 Spells                   Type           Power      Damage    Failure   Level
 Frozen Ramparts          Ice            0%         1d1       96%         3
 Ozocubu's Armour         Ice            0%         N/A       96%         3
 Animate Dead             Necr           0%         N/A       100%        4
 Metabolic Englaciation   Hex/Ice        0%         N/A       100%        5
 Conjure Ball Lightning   Conj/Air       0%         3x3d6     100%        6
 Haunt                    Necr/Summ      0%         N/A       100%        7
 Discord                  Hex            0%         N/A       100%        8
 Disjunction              Tloc           0%         N/A       100%        8
 Infestation              Necr           0%         N/A       100%        8


Dungeon Overview and Level Annotations

Branches:
Dungeon (7/15)             Temple (0/1) D:6         Ossuary (visited)

Altars:
Kikubaaqudgha
Qazlal
Wu Jian
The Shining One

Shops:
D:3 =   D:4 [


Innate Abilities, Weirdness & Mutations

Your facial features look somewhat orcish.
Your spellcasting is much less encumbered by armour.
You can use scrolls of enchantment on lesser artefacts.


Message History

Wulfoc hits you with a +2 trident of venom.
You are more poisoned.
You hit Wulfoc.
Wulfoc is severely wounded.
You feel very sick.
You are too injured to fight recklessly!
You are too injured to fight recklessly!
You are too injured to fight recklessly!
You thump Wulfoc!
Wulfoc is severely wounded.
You feel very sick. You block Wulfoc's attack.
You hit Wulfoc but do no damage.
Wulfoc is severely wounded.
You feel very sick. Wulfoc barely misses you.
You hit Wulfoc.
Wulfoc is severely wounded.
* * * LOW HITPOINT WARNING * * *
You feel very sick.
Wulfoc hits you with a +2 trident of venom!
* * * LOW HITPOINT WARNING * * *
You hit Wulfoc but do no damage.
Wulfoc is severely wounded.
* * * LOW HITPOINT WARNING * * *
You feel very sick.
You feel much better.
You feel very sick.
Wulfoc hits you with a +2 trident of venom!
* * * LOW HITPOINT WARNING * * *
You are lethally poisoned!
It was a potion of brilliance.
You feel clever all of a sudden.
* * * LOW HITPOINT WARNING * * *
You feel extremely sick.
Wulfoc hits you with a +2 trident of venom!
* * * LOW HITPOINT WARNING * * *
It was a potion of attraction.
You feel attractive to monsters.
You die...

### ##........#
..###.......#######
#.##..####....[?..#
#.##.###..........#
#....###.##.......#
...##.............#
.#.##.#..###.†....#
........## #......#
....##.# #....@.#
.#####.# ####.#o# ##
.# #...# # ## ##...
#<#.##. ## ..#..# .
.#
#######.##.#####..
.#
###........#........
..
........#..........


You could see Wulfoc the orc apostle (divinely empowered).

Vanquished Creatures
  Pikel (D:6)
  Grinder (D:4)
  Duvessa (D:6)
  An orc warrior (D:7)
  An ice beast (D:5)
  2 sky beasts
  4 black bears
  A centaur (D:5)
  An ogre (D:6)
  2 bullfrogs
  5 scorpions (Ossuary)
  Dowan (D:6)
  5 wights (D:7)
  2 centaur zombies (Ossuary)
  An orc priest (D:4)
  4 human zombies (Ossuary)
  A bombardier beetle (D:5)
  6 hounds
  A sleepcap (D:6)
  5 iguanas
  3 orc wizards
  3 scorpion zombies (Ossuary)
  3 mummies (Ossuary)
  10 adders
  4 ufetubi
  An adder zombie (Ossuary)
  3 dart slugs
  3 ribbon worms
  10 orcs
  10 ball pythons
  4 bats
  10 endoplasms
  4 gnoll zombies (Ossuary)
  2 jackals (D:5)
  9 kobolds
  2 quokkas
  2 ball python zombies (Ossuary)
  8 frilled lizards
  5 goblins
  3 jackal zombies (Ossuary)
  3 orc zombies (Ossuary)
  4 rats
  A butterfly (D:6)
153 creatures vanquished.

Vanquished Creatures (others)
  3 orcs
3 creatures vanquished.

Grand Total: 156 creatures vanquished

Notes
Turn   | Place    | Note
-------+----------+-------------------------------------------
     0 | D:1      | smashvw the Mountain Dwarf Fighter began the quest for the
                  | Orb.
     0 | D:1      | Reached XP level 1. HP: 19/19 MP: 1/1
   160 | D:1      | Reached XP level 2. HP: 25/26 MP: 2/2
   619 | D:1      | Reached skill level 3 in Maces & Flails
   903 | D:2      | Found a faded altar of an unknown god.
   925 | D:2      | Reached XP level 3. HP: 10/33 MP: 3/3
  1787 | D:3      | Found an ancient bone altar of Kikubaaqudgha.
  1820 | D:3      | Noticed an earth elemental
  1824 | D:3      | Found a stormy altar of Qazlal.
  1825 | D:3      | Noticed an air elemental
  1825 | D:3      | Noticed a water elemental
  1825 | D:3      | Noticed a fire elemental
  1987 | D:3      | Reached XP level 4. HP: 20/40 MP: 4/4
  2109 | D:3      | Became a worshipper of Beogh the Shepherd
  2452 | D:3      | Found Tiawkuew's Jewellery Emporium.
  2772 | D:4      | Found Liuj's Antique Armour Shoppe.
  2871 | D:4      | Noticed Grinder
  2886 | D:4      | Killed Grinder
  2887 | D:4      | Reached skill level 5 in Fighting
  2887 | D:4      | Reached skill level 4 in Maces & Flails
  2887 | D:4      | Reached skill level 5 in Shields
  2887 | D:4      | Reached XP level 5. HP: 8/48 MP: 5/5
  2887 | D:4      | Reached XP level 6. HP: 10/56 MP: 6/6
  2901 | D:4      | Reached skill level 5 in Maces & Flails
  3527 | D:4      | Found a glowing golden altar of the Shining One.
  3863 | D:4      | Noticed a sky beast
  3872 | D:4      | Killed a sky beast
  3873 | D:4      | Reached skill level 6 in Maces & Flails
  4025 | D:5      | Entered Level 5 of the Dungeon
  4036 | D:4      | Reached XP level 7. HP: 41/61 MP: 7/7
  4491 | D:5      | Reached skill level 7 in Maces & Flails
  4558 | D:5      | Reached * piety under Beogh
  4679 | D:5      | Reached skill level 8 in Maces & Flails
  4767 | D:5      | Reached skill level 9 in Maces & Flails
  4767 | D:5      | Reached XP level 8. HP: 38/68 MP: 8/8
  5200 | D:6      | Found a staircase to the Ecumenical Temple.
  5323 | D:6      | Reached skill level 10 in Maces & Flails
  5379 | D:6      | Noticed Dowan
  5379 | D:6      | Noticed Duvessa
  5397 | D:6      | Killed Duvessa
  5419 | D:6      | Killed Dowan
  5420 | D:6      | Reached skill level 11 in Maces & Flails
  5539 | D:6      | Noticed Pikel
  5754 | D:6      | Killed Pikel
  5755 | D:6      | Reached skill level 12 in Maces & Flails
  5899 | D:6      | Reached XP level 9. HP: 56/74 MP: 9/9
  6487 | D:6      | Identified the +5 spear "Jozoyref" {pain, rElec rF+}
  6575 | D:7      | Found a sand-covered staircase.
  6605 | D:7      | Reached skill level 13 in Maces & Flails
  6610 | D:7      | Reached ** piety under Beogh
  6762 | Ossuary  | Entered an ossuary
  7153 | Ossuary  | Reached skill level 14 in Maces & Flails
  7440 | D:7      | Reached skill level 5 in Armour
  7591 | D:7      | Found an ornate altar of the Wu Jian Council.
  7755 | D:7      | Reached *** piety under Beogh
  7773 | D:7      | Noticed Wulfoc
  7794 | D:7      | Succumbed to Wulfoc's poison

Illustrated notes

Levels and vault maps discovered:
D:1:      nzn_arrival_crosshair, layout_loops_corners
D:2:      layout_loops_ring, ebering_ecumenical_altar_hall,
          minmay_misc_feat_pillars
D:3:      layout_basic, nicolae_qazlal_style_of_elements,
          nicolae_kikubaaqudgha_miasma_corner, serial_shops, shop
D:4:      layout_loops_ring, nicolae_overflow_hidden_temple, serial_shops, shop,
          dreamdust_princess_corridor, uniq_grinder
D:5:      cheibrodos_helix_gallery, layout_gridville, nrook_mini_backslash
D:6:      layout_loops_ring, minmay_temple_entry_butterflies, solitary_fountain,
          nicolae_fountain_basement, uniq_pikel, uniq_duvessa
D:7:      layout_rooms, mainiacjoe_overflow_small_starburst,
          chequers_ossuary_entry_cave, serial_shops, nicolae_lakefront_shop,
          minmay_misc_feat_rows, minivault_1, kennysheep_small_circle

Skill      XL: |  1  2  3  4  5  6  7  8  9 |
---------------+----------------------------+-----
Maces & Flails | 3 4 6 9 12 14 | 14.0
Fighting       | 4 5 |  5.0
Shields        | 4 5 6 |  6.0
Armour         | 5 |  5.9

Action                     |  1- 3 |  4- 6 |  7- 9 || total
---------------------------+-------+-------+-------++-------
  Melee: Flail             |   171 |   104 |   479 ||   754
 Invoke: Convert to Beogh  |       |     1 |       ||     1
    Use: Potion            |       |     2 |     5 ||     7
 Armour: Scale mail        |   111 |       |       ||   111
         Chain mail        |    49 |   118 |   363 ||   530
         Plate armour      |       |       |    13 ||    13
  Dodge: Dodged            |    78 |    45 |   178 ||   301
  Block: Buckler           |    28 |    29 |   113 ||   170

Table legend: (Time is in decaauts)
 A = Elapsed time spent in this place.
 B = Non-inter-level travel time spent in this place.
 C = Inter-level travel time spent in this place.
 D = Time resting spent in this place.
 E = Time spent auto-exploring this place.
 F = Levels seen in this place.
 G = Mean time per level.
                   A        B        C        D        E       F      G
               +--------+--------+--------+--------+--------+-----+--------+
         Total |   7777 |   7588 |    189 |    747 |   5398 |   8 |  972.1 |
       Dungeon |   7226 |   7037 |    189 |    747 |   5070 |   7 | 1032.3 |
       Ossuary |    551 |    551 |      0 |      0 |    328 |   1 |  551.0 |
               +--------+--------+--------+--------+--------+-----+--------+

Top non-repeatable levels by time:
     D:4: 1265 daAuts
     D:3: 1256 daAuts
     D:6: 1243 daAuts
     D:5: 958 daAuts
     D:1: 921 daAuts
     D:2: 897 daAuts
     D:7: 682 daAuts
 Ossuary: 551 daAuts
